 Dungeon Crawl Stone Soup version 0.31-a0-246-g8cbcc1cb85 (webtiles) character file.

Game seed: 17860439471469102356

851 cforsyth the Changeling (level 8, -1/74 HPs)
             Began as an Ogre Shapeshifter on July 12, 2023.
             Slain by Edmund
             ... wielding a +2 flail of protection
              (9 damage)
             ... on level 4 of the Dungeon on July 13, 2023.
             The game lasted 00:04:06 (3322 turns).

cforsyth the Changeling (Ogre Shapeshifter)         Turns: 3322, Time: 00:04:06

Health: -1/74      AC:  3    Str: 22    XL:     8   Next: 1%
Magic:  8/8        EV:  9    Int:  9    God:
Gold:   270        SH:  0    Dex:  9    Spells: 7/7 levels left

rFire   . .          .
                       - Unarmed
rCold   . . .        (no shield)
rNeg    . . .        a - +0 animal skin
rPois   +            (helmet currently unavailable)
rElec   .            (cloak currently unavailable)
rCorr   +            (gloves unavailable)
SInv    .            (boots unavailable)
Will    .....        (no amulet)
Stlth   +            k - ring of resist corrosion
HPRegen 0.32/turn    u - ring of poison resistance
MPRegen 0.11/turn

%: no passive effects
@: beast-form
A: beast (slay +4), large, unfitting armour, tough skin 1
a: no special abilities


You were on level 4 of the Dungeon.
You were a hulking beast.
You visited 1 branch of the dungeon, and saw 4 of its levels.

You collected 270 gold pieces.

Inventory:

Missiles
 f - a throwing net
Armour
 a - a +0 animal skin (worn)
Jewellery
 k - a ring of resist corrosion (left hand)
 q - a +6 ring of intelligence
 u - a ring of poison resistance (right hand)
Talismans
 c - a beast talisman
Wands
 l - a wand of flame (27)
Scrolls
 e - a scroll of teleportation {unknown}
 h - 2 scrolls of vulnerability {unknown}
 j - a scroll of fog {unknown}
 m - 5 scrolls of identify {unknown}
 n - a scroll of summoning {unknown}
 p - a scroll of amnesia {unknown}
 r - 2 scrolls of revelation {unknown}
 w - 2 scrolls of fear {unknown}
Potions
 b - a potion of might {unknown}
 d - 2 potions of attraction {unknown}
 g - a potion of brilliance {unknown}
 i - a potion of enlightenment {unknown}
 o - a potion of mutation {unknown}
 s - a potion of magic {unknown}
 t - a potion of curing {unknown}
 v - 2 potions of invisibility {unknown}


   Skills:
 - Level 2.6 Fighting
 - Level 1.7 Dodging
 + Level 5.9 Unarmed Combat
 + Level 6.0 Shapeshifting


You had 7 spell levels left.
You didn't know any spells.
Your spell library contained the following spells:

 Spells                   Type           Power      Damage    Failure   Level
 Freeze                   Ice            0%         1d3       38%         1
 Frozen Ramparts          Ice            0%         1d1       77%         3
 Hailstorm                Conj/Ice       0%         3d3       77%         3


Dungeon Overview and Level Annotations

Branches:
Dungeon (4/15)
 Temple: D:4-7

Altars:
Elyvilon
Makhleb
Sif Muna
Zin

Annotations:
D:4 Edmund


Innate Abilities, Weirdness & Mutations

You are a hulking beast.
Your limbs bulge with bestial killing power. (Slay +4)
You are too large for most types of armour.
You have tough skin. (AC +1)


Message History

The gnoll is lightly wounded.
Edmund gestures with his flail.
The gnoll hits you from afar with a +0 spear.
The gnoll hits you with a +0 flail!
You barely miss the gnoll.
The gnoll is lightly wounded.
The gnoll hits you from afar with a +0 spear.
The gnoll hits you with a +0 flail.
You punch the gnoll!
The gnoll is severely wounded.
The gnoll barely misses you. The gnoll completely misses you.
You punch the gnoll!
You kill the gnoll!
The gnoll barely misses you.
Your Shapeshifting skill increases to level 6!
You hit the gnoll.
The gnoll is heavily wounded.
The gnoll hits you with a +0 whip.
The gnoll hits you from afar with a +0 spear.
Edmund attacks as you move away!
Edmund hits you with a +2 flail of protection.
Edmund says, "I'm quite good with sums, too."
You hit Edmund.
Edmund is lightly wounded.
Edmund hits you with a +2 flail of protection!
The gnoll hits you with a +0 whip. The gnoll barely misses you.
You hit the gnoll.
The gnoll is severely wounded.
You hit the gnoll.
The gnoll is almost dead.
Edmund hits you with a +2 flail of protection!
* * * LOW HITPOINT WARNING * * *
The gnoll hits you with a +0 whip.
* * * LOW HITPOINT WARNING * * *
The gnoll hits you from afar with a +0 spear!
* * * LOW HITPOINT WARNING * * *
You hit the gnoll.
You kill the gnoll!
Edmund hits you with a +2 flail of protection!
You die...

#......#
#.#...#
#...####
#.....# ##...
###...# #...
##.##### #..
#.....#
#.....#
..#####.....#
.........####
........h#
#).....)@##
.#######.g#
##).# .#...
.. ....# ...
...... #...
....### #...
.....


You could see Edmund and a gnoll.

Vanquished Creatures
  Pikel (D:4)
  An ogre (D:3)
  A lemure (D:4)
  3 wights (D:4)
  A hound (D:4)
  2 gnolls (D:4)
  An adder (D:2)
  A worm (D:2)
  2 dart slugs
  6 ball pythons
  4 bats
  8 endoplasms
  3 giant cockroaches
  6 goblins
  8 hobgoblins
  4 jackals (D:3)
  7 quokkas
  6 frilled lizards
  7 kobolds
  11 rats
83 creatures vanquished.

Notes
Turn   | Place    | Note
-------+----------+-------------------------------------------
     0 | D:1      | cforsyth the Ogre Shapeshifter began the quest for the Orb.
     0 | D:1      | Reached XP level 1. HP: 22/22 MP: 1/1
   159 | D:1      | Reached XP level 2. HP: 29/29 MP: 2/2
   589 | D:1      | Reached XP level 3. HP: 36/36 MP: 3/3
  1087 | D:2      | Reached XP level 4. HP: 44/44 MP: 4/4
  1925 | D:3      | Found a white marble altar of Elyvilon.
  1951 | D:3      | Found a glowing silver altar of Zin.
  2096 | D:3      | Found a shimmering blue altar of Sif Muna.
  2292 | D:3      | Noticed an ogre
  2297 | D:3      | Killed an ogre
  2298 | D:3      | Reached skill level 4 in Shapeshifting
  2298 | D:3      | Reached XP level 5. HP: 50/50 MP: 5/5
  2664 | D:4      | Noticed a lemure
  2681 | D:4      | Killed a lemure
  2793 | D:4      | Noticed Pikel
  2793 | D:4      | Noticed a lemure
  2793 | D:4      | Noticed a lemure
  2793 | D:4      | Noticed a lemure
  2833 | D:4      | Killed Pikel
  2834 | D:4      | Reached skill level 5 in Unarmed Combat
  2834 | D:4      | Reached skill level 5 in Shapeshifting
  2834 | D:4      | Reached XP level 6. HP: 46/59 MP: 6/6
  2834 | D:4      | Reached XP level 7. HP: 52/66 MP: 7/7
  3223 | D:4      | Found a burning altar of Makhleb.
  3230 | D:4      | Reached XP level 8. HP: 72/74 MP: 8/8
  3311 | D:4      | Noticed Edmund
  3316 | D:4      | Reached skill level 6 in Shapeshifting
  3322 | D:4      | Slain by Edmund

Illustrated notes

Levels and vault maps discovered:
D:1:      tarquinn_simple_flora_water_f, layout_basic
D:2:      layout_basic
D:3:      layout_loops_cross, lemuel_blue_sif_altar,
          mainiacjoe_overflow_catch_the_wave, grunt_ministairs_8,
          chequers_serial_rivers_micro_c
D:4:      layout_basic, makhleb_blood_cavern_becter, uniq_edmund, uniq_pikel

Skill      XL: |  1  2  3  4  5  6  7  8 |
---------------+-------------------------+-----
Unarmed Combat | 2 3 5 |  5.9
Shapeshifting  | 4 5 6 |  6.0
Fighting       | |  2.6
Dodging        | |  1.7

Action                     |  1- 3 |  4- 6 |  7- 9 || total
---------------------------+-------+-------+-------++-------
  Melee: Unarmed           |   105 |    98 |    29 ||   232
         Punch             |     1 |     1 |       ||     2
    Use: Potion            |       |     1 |       ||     1
 Armour: Animal skin       |    35 |    22 |     2 ||    59
         Skin              |       |     6 |       ||     6
  Dodge: Dodged            |    42 |    34 |     9 ||    85

Table legend: (Time is in decaauts)
 A = Elapsed time spent in this place.
 B = Non-inter-level travel time spent in this place.
 C = Inter-level travel time spent in this place.
 D = Time resting spent in this place.
 E = Time spent auto-exploring this place.
 F = Levels seen in this place.
 G = Mean time per level.
                   A        B        C        D        E       F      G
               +--------+--------+--------+--------+--------+-----+--------+
         Total |   3306 |   3207 |     99 |      0 |   2651 |   4 |  826.5 |
       Dungeon |   3306 |   3207 |     99 |      0 |   2651 |   4 |  826.5 |
               +--------+--------+--------+--------+--------+-----+--------+

Top non-repeatable levels by time:
     D:2: 995 daAuts
     D:1: 896 daAuts
     D:3: 740 daAuts
     D:4: 673 daAuts
